 Dungeon Crawl Stone Soup version 0.30-a0-1163-gf69bf04e7a (webtiles) character file.

Game seed: 1723684399998903520

499 NateTC the Digger (level 6, 0/32 HPs)
             Began as a Deep Elf Earth Elementalist on Apr 29, 2023.
             Was a Priest of Qazlal.
             Slain by Duvessa
             ... wielding a +0 short sword of electrocution
              (20 damage)
             ... on level 4 of the Dungeon.
             The game lasted 00:09:50 (2824 turns).

NateTC the Digger (Deep Elf Earth Elementalist)     Turns: 2824, Time: 00:09:50

Health: 0/32       AC:  7    Str:  5    XL:     6   Next: 94%
Magic:  4/14       EV: 12    Int: 22    God:    Qazlal [***...]
Gold:   207        SH:  3    Dex: 15    Spells: 4/13 levels left

rFire   . . .        (no weapon)
rCold   . . .        (no shield)
rNeg    . . .        a - +0 robe
rPois   .            j - +2 helmet
rElec   .            f - +0 cloak
rCorr   .            q - +0 pair of gloves
SInv    .            (no boots)
Will    +....        t - amulet of magic regeneration
Stlth   ++           l - ring of wizardry
HPRegen 0.25/turn    p - ring of willpower
MPRegen 0.54/turn

%: wizardry (x1)
@: no status effects
A: no striking features
a: Renounce Religion, Upheaval, Elemental Force


You were on level 4 of the Dungeon.
You worshipped Qazlal.
Qazlal was most pleased with you.
You visited 1 branch of the dungeon, and saw 5 of its levels.

You collected 207 gold pieces.

Inventory:

Armour
 a - a +0 robe (worn)
 f - a +0 cloak (worn)
 j - a +2 helmet (worn)
 q - a +0 pair of gloves (worn)
Jewellery
 g - a ring of see invisible
 l - a ring of wizardry (left hand)
 p - a ring of willpower (right hand)
 t - an amulet of magic regeneration (around neck)
Wands
 i - a wand of paralysis (9)
 r - a wand of light (4)
Scrolls
 m - a scroll of blinking
 n - a scroll of teleportation
Potions
 b - a potion of magic
 c - 2 potions of mutation
 d - 2 potions of heal wounds {unknown}
 e - a potion of attraction
 h - 2 potions of brilliance
 k - 2 potions of degeneration {unknown}
 o - a potion of curing {unknown}
 s - a potion of invisibility {unknown}


   Skills:
 - Level 2.4 Dodging
 - Level 2.4 Stealth
 + Level 4.1 Spellcasting
 - Level 3.8 Conjurations
 - Level 1.1 Transmutations
 * Level 3.2 Ice Magic
 * Level 2.9 Air Magic
 - Level 5.2 Earth Magic


You had 4 spell levels left.
You knew the following spells:

 Your Spells              Type           Power      Damage    Failure   Level
a - Sandblast             Erth           54%        2d13      1%          1
b - Stone Arrow           Conj/Erth      48%        3d10      2%          3
c - Freezing Cloud        Conj/Ice/Air   9%         6-21      30%         5

Your spell library contained the following spells:

 Spells                   Type           Power      Damage    Failure   Level
 Shock                    Conj/Air       76%        1d7       1%          1
 Passwall                 Tmut/Erth      15%        N/A       1%          2
 Apportation              Tloc           8%         N/A       4%          1
 Necrotise                Necr           16%        1d4       4%          1
 Summon Small Mammal      Summ           16%        N/A       4%          1
 Poisonous Vapours        Pois/Air       20%        N/A       4%          2
 Swiftness                Air            17%        N/A       4%          3
 Mephitic Cloud           Conj/Pois/Air  14%        N/A       5%          3
 Petrify                  Tmut/Erth      18%        N/A       12%         4
 Inner Flame              Hex/Fire       4%         N/A       13%         3
 Airstrike                Air            8%         2d(2-18)  13%         4
 Yara's Violent Unravell  Hex/Tmut       3%         3d4       65%         5
 Enfeeble                 Hex            2%         N/A       100%        7


Dungeon Overview and Level Annotations

Branches:
Dungeon (5/15) Zot: 26779
 Temple: D:4-7

Altars:
Qazlal
Vehumet
Wu Jian

Annotations:
D:3 exclusion: statue
D:4 Duvessa


Message History

Casting: Sandblast (safe; 1% risk of failure)
Confirm with . or Enter, or press ? or * to list all spells.
Aiming: Sandblast (safe; 1% risk of failure)
Press: ? - help, Shift-Dir - straight line, f/p - iguana
Aim: an iguana (severely wounded, 85% to hit)
The blast of sand hits the iguana!
You kill the iguana!
Qazlal accepts your kill.
Your Spellcasting skill increases to level 4!
Your Ice Magic skill increases to level 3!
You start resting.
Magic restored.
You now have 207 gold pieces (gained 6).
You start resting.
HP restored.
Found 12 gold pieces and a blue potion.
You hear a shout!
Dowan, Brother of Duvessa comes into view.
He is wielding a +0 dagger.
Dowan is nearby!
Duvessa, Sister of Dowan comes into view.
She is wielding a +0 short sword of electrocution.
Duvessa shouts!
Dowan says, "Magic and the sword, together, will defeat you."
You hear a shout!
You can't see any susceptible monsters within range! (Use Z to cast anyway.)
The stone arrow hits Dowan!
Dowan is heavily wounded.
The stone arrow hits Dowan!
You kill Dowan!
Qazlal accepts your kill.
You can now give life to nearby clouds.
Duvessa screams in rage.
Duvessa goes berserk!
Duvessa rages.
The stone arrow hits Duvessa!
Duvessa is moderately wounded.
The stone arrow hits Duvessa!
Duvessa is heavily wounded.
Duvessa hits you with a +0 short sword of electrocution!
You are electrocuted!!
Ouch! That really hurt!
You die...

.######.####.#
#.# #.# #>#
.#.......†...#
#.# #.# #.#
.#.###.......#
#.# ..# #.# .#.#
#..####.#####.#
.## #.# .#.#
#.............##.
#.# .#.#
#.#####....#####.
..# .<.# ##.#.#
### .###
#..#.#####.## ##
#.##.@e.)!... #.
#######... #. #.


You could see Duvessa (berserk).

Vanquished Creatures
  Menkaure (D:4)
  A scorpion (D:5)
  Dowan (D:4)
  An orc wizard (D:3)
  An orc priest (D:3)
  A sleepcap (D:3)
  2 iguanas (D:4)
  Robin (D:2)
  4 adders
  2 worms
  3 dart slugs (D:2)
  3 orcs
  5 endoplasms
  3 giant cockroaches
  14 goblins
  8 hobgoblins
  9 jackals
  2 quokkas
  6 ball pythons
  2 bats (D:2)
  2 frilled lizards
  3 kobolds
  6 rats
81 creatures vanquished.

Notes
Turn   | Place    | Note
-------+----------+-------------------------------------------
     0 | D:1      | NateTC the Deep Elf Earth Elementalist began the quest for
                  | the Orb.
     0 | D:1      | Reached XP level 1. HP: 10/10 MP: 6/6
   142 | D:1      | Found a faded altar of an unknown god.
   162 | D:1      | Prayed at the altar of an unknown god.
   162 | D:1      | Became a worshipper of Qazlal Stormbringer
   162 | D:1      | Reached * piety under Qazlal
   220 | D:1      | Reached skill level 1 in Conjurations
   287 | D:1      | Reached XP level 2. HP: 15/15 MP: 6/8
   576 | D:2      | Reached skill level 4 in Earth Magic
   583 | D:2      | Noticed Robin
   592 | D:1      | Reached XP level 3. HP: 14/19 MP: 1/9
   680 | D:2      | Killed Robin
   755 | D:2      | Reached ** piety under Qazlal
   856 | D:2      | Reached XP level 4. HP: 20/24 MP: 0/10
  1337 | D:3      | Reached skill level 5 in Earth Magic
  1337 | D:3      | Reached XP level 5. HP: 24/28 MP: 1/11
  1417 | D:3      | Learned a level 3 spell: Stone Arrow
  1423 | D:3      | Learned a level 5 spell: Freezing Cloud
  1457 | D:3      | Found a radiant altar of Vehumet.
  1457 | D:3      | Noticed a frost-covered statue
  1556 | D:3      | Found an ornate altar of the Wu Jian Council.
  2125 | D:4      | Reached skill level 1 in Ice Magic
  2125 | D:4      | Reached skill level 1 in Air Magic
  2501 | D:4      | Noticed Menkaure
  2505 | D:4      | Killed Menkaure
  2506 | D:4      | Reached XP level 6. HP: 14/32 MP: 6/13
  2608 | D:4      | You fall into a shaft and drop 1 floor!
  2608 | D:5      | Entered Level 5 of the Dungeon
  2610 | D:5      | Noticed an ice beast
  2818 | D:4      | Noticed Dowan
  2819 | D:4      | Noticed Duvessa
  2822 | D:4      | Killed Dowan
  2822 | D:4      | Reached *** piety under Qazlal
  2824 | D:4      | Slain by Duvessa

Illustrated notes

Levels and vault maps discovered:
D:1:      eino_arrival_tree_alley, layout_rooms,
          hellmonk_ecumenical_altar_pennies_from_heaven
D:2:      layout_rooms, minmay_split_cup_small, uniq_robin
D:3:      layout_rooms, pdpol_wu_jian_five_deadly_venoms, vehumet_statue
D:4:      layout_loops_ring, chequers_temple_overflow_statue_of_worship,
          uniq_menkaure, uniq_pikel, uniq_duvessa
D:5:      layout_rooms, nicolae_uskayaw_murder_on_the_dancefloor,
          minmay_temple_entry_glass, nicolae_ossuary_entry_plus,
          uniq_blork_the_orc

Skill      XL: |  1  2  3  4  5  6 |
---------------+-------------------+-----
Conjurations   | 1 2 3 |  3.8
Earth Magic    | 4 5 |  5.2
Ice Magic      | 2 3 |  3.2
Air Magic      | 2 |  2.9
Spellcasting   | 4 |  4.1
Dodging        | |  2.4
Stealth        | |  2.4
Transmutations | |  1.1

Action                     |  1- 3 |  4- 6 || total
---------------------------+-------+-------++-------
  Melee: Unarmed           |     6 |     7 ||    13
   Cast: Sandblast         |    51 |    61 ||   112
         Stone Arrow       |       |    14 ||    14
    Use: Scroll            |     4 |     8 ||    12
 Armour: Robe              |     4 |    10 ||    14
  Dodge: Dodged            |    19 |    27 ||    46
  Block: Other             |     2 |     7 ||     9

Table legend: (Time is in decaauts)
 A = Elapsed time spent in this place.
 B = Non-inter-level travel time spent in this place.
 C = Inter-level travel time spent in this place.
 D = Time resting spent in this place.
 E = Time spent auto-exploring this place.
 F = Levels seen in this place.
 G = Mean time per level.
                   A        B        C        D        E       F      G
               +--------+--------+--------+--------+--------+-----+--------+
         Total |   2878 |   2790 |     88 |   1022 |    714 |   5 |  575.6 |
       Dungeon |   2878 |   2790 |     88 |   1022 |    714 |   5 |  575.6 |
               +--------+--------+--------+--------+--------+-----+--------+

Top non-repeatable levels by time:
     D:3: 771 daAuts
     D:2: 752 daAuts
     D:4: 697 daAuts
     D:1: 600 daAuts
     D:5: 57 daAuts
